 Dungeon Crawl Stone Soup version 0.27.0-1-g7a089689b8 (webtiles) character file.

Game seed: 10991586056342296211

4856 Crownlay the Geomancer (level 10, -5/54 HPs)
             Began as a Gargoyle Earth Elementalist on Aug 5, 2021.
             Was an Elder of Vehumet.
             Slain by a boulder beetle (59 damage)
             ... on level 9 of the Dungeon.
             The game lasted 00:22:43 (10379 turns).

Crownlay the Geomancer (GrEE)                      Turns: 10379, Time: 00:22:43

Health: -5/54      AC: 10    Str: 13    XL:     10   Next: 50%
Magic:  19/20      EV: 12    Int: 15    God:    Vehumet [****..]
Gold:   531        SH:  0    Dex: 10    Spells: 18/22 levels left

rFire    . . .     SeeInvis +   y - +10 demon blade of Yshron {pain, rElec Str+2 Stlth+}
rCold    . . .     Faith    .   (no shield)
rNeg     + . .     Spirit   .   b - +0 robe
rPois    ∞         Reflect  .   (no helmet)
rElec    +         Harm     .   (no cloak)
rCorr    .         Rampage  .   (no gloves)
Will     .....                  s - +0 pair of boots
Stlth    +++.......             r - amulet of Incredulity {RegenMP Regen+ Int-5 SInv}
HPRegen  1.18/turn              F - ring of flight
MPRegen  0.42/turn              (no ring)

@: flying
A: sickness immunity, AC +7, negative energy resistance 1, electricity
resistance, torment resistance 1, petrification resistance
a: Renounce Religion


You were on level 9 of the Dungeon.
You worshipped Vehumet.
Vehumet was greatly pleased with you.
You visited 1 branch of the dungeon, and saw 9 of its levels.
You also visited: Ossuary.

You collected 531 gold pieces.

Inventory:

Hand Weapons
 y - the +10 demon blade of Yshron (weapon) {pain, rElec Str+2 Stlth+}
   (You acquired it on level 8 of the Dungeon)

   In the hands of one skilled in necromantic magic, it inflicts extra damage on
   living creatures.
   Str:       It affects your strength (+2).
   rElec:     It insulates you from electricity.
   Stlth:     It makes you more stealthy.
Missiles
 c - 33 stones
 u - 2 throwing nets
Armour
 b - a +0 robe (worn)
 s - a +0 pair of boots (worn)
Jewellery
 r - the amulet of Incredulity (around neck) {RegenMP Regen+ Int-5 SInv}
   (You found it on level 5 of the Dungeon)

   [amulet of magic regeneration]

   It increases your rate of magic regeneration.
   Int:       It affects your intelligence (-5).
   SInv:      It lets you see invisible.
   Regen:     It increases your rate of health regeneration.
 F - a ring of flight (left hand)
Wands
 D - a wand of paralysis (12)
 E - a wand of digging (5)
Scrolls
 e - 3 scrolls of immolation
 g - 3 scrolls of fog
 h - a scroll of amnesia
 i - 2 scrolls of enchant armour
 k - 4 scrolls of teleportation
 q - a scroll of summoning
 z - 2 scrolls of fear {unknown}
 A - a scroll of enchant weapon {unknown}
 B - a scroll of brand weapon {unknown}
 G - 2 scrolls of noise {unknown}
Potions
 a - a potion of mutation
 d - 2 potions of resistance
 f - 8 potions of curing
 j - 2 potions of lignification {unknown}
 l - a potion of brilliance {unknown}
 m - 2 potions of heal wounds {unknown}
 n - 3 potions of might {unknown}
 o - a potion of flight {unknown}
 p - a potion of degeneration {unknown}
 t - 2 potions of haste
 v - 5 potions of attraction
 w - a potion of magic {unknown}
 x - 4 potions of ambrosia


   Skills:
 - Level 2.5 Fighting
 - Level 4.1 Long Blades
 - Level 2.3 Dodging
 - Level 3.0 Stealth
 * Level 6.8 Spellcasting
 - Level 7.3 Conjurations
 - Level 0.7 Transmutations
 - Level 12.0 Earth Magic


You had 18 spell levels left.
You knew the following spells:

 Your Spells              Type           Power      Damage    Failure   Level
a - Sandblast             Erth           82%        2d17      1%          1
b - Stone Arrow           Conj/Erth      68%        3d11      1%          3

Your spell library contained the following spells:

 Spells                   Type           Power      Damage    Failure   Level
 Inner Flame              Hex/Fire       5%         N/A       11%         3
 Magic Dart               Conj           100%       1d8       1%          1
 Passwall                 Tmut/Erth      20%        N/A       1%          2
 Mephitic Cloud           Conj/Pois/Air  12%        N/A       4%          3
 Bolt of Magma            Conj/Fire/Erth 12%        4d8       7%          5
 Hailstorm                Conj/Ice       16%        3d6       9%          4
 Petrify                  Tmut/Erth      24%        N/A       10%         4
 Ignite Poison            Fire/Tmut/Pois 5%         N/A       11%         3
 Summon Small Mammal      Summ           20%        N/A       14%         1
 Call Imp                 Summ           5%         N/A       21%         2
 Call Canine Familiar     Summ           5%         N/A       38%         3
 Ozocubu's Armour         Ice            5%         N/A       38%         3
 Summon Guardian Golem    Hex/Summ       5%         N/A       38%         3
 Ice Form                 Ice/Tmut       6%         N/A       75%         4
 Metabolic Englaciation   Hex/Ice        2%         N/A       98%         5
 Simulacrum               Ice/Necr       2%         N/A       100%        6


Dungeon Overview and Level Annotations

Branches:
Dungeon (9/15)             Temple (0/1) D:7             Orc (0/2) D:9
Ossuary (visited)
   Lair: D:8-11

Altars:
Dithmenos
Hepliaklqana
Trog
Vehumet
Yredelemnul
Zin
Beogh

Shops:
D:7 *


Innate Abilities, Weirdness & Mutations

You are immune to sickness and miasma.
Your stone body is resilient. (AC +7)
You are immune to poison.
You resist negative energy. (rN+)
You are resistant to electric shocks. (rElec)
You are resistant to unholy torment.
You are immune to petrification.


Message History

You completely miss the orc. The orc misses you.
You riposte.
You slice the orc!!
You kill the orc!
Vehumet accepts your kill.
No target in view!
No target in view!
No target in view!
No target in view!
No target in view!
You can't see any susceptible monsters within range! (Use Z to cast anyway.)
v - 5 potions of attraction (gained 1)
Items here: ))) [[ ††††††.
There is an open door here.
You reach down and open the door.
There is an open door here.
z - 2 scrolls labelled ULOCHI PIFYETS (gained 1)
You reach down and open the door.
There is an open door here.
There is an open door here.
An acid dragon comes into view.
An acid dragon is nearby!
The helpless acid dragon fails to defend itself.
You slash the acid dragon!
The acid dragon is heavily wounded.
The acid dragon bites you. The acid dragon closely misses you.
You barely miss the acid dragon.
The acid dragon is heavily wounded.
The acid dragon closely misses you.
You riposte.
You slash the acid dragon!
You kill the acid dragon!
Vehumet accepts your kill.
Your Long Blades skill increases to level 4!
Your Stealth skill increases to level 3!
Found a human corpse.
A boulder beetle comes into view.
The boulder beetle curls into a ball and begins rolling!
The blast of sand hits the boulder beetle but does no damage.
The blast of sand hits the boulder beetle but does no damage.
The boulder beetle hits you!!!
Ouch! That really hurt!
You die...

# . #. #. .# ###### #
######. #....#########
.......####.##..........
..†°°○B@....############
........###.............
#######.# ##############
#.. ......... #.#
########### #.#
#.......... ..#
#.######### ###
#.......# # ##......# #


You could see a boulder beetle (rolling).

Vanquished Creatures
  Grinder (D:5)
  2 shadows
  5 yaks (D:9)
  A wraith (Ossuary)
  2 two-headed ogre zombies (D:9)
  An acid dragon (D:9)
  A water moccasin (D:7)
  3 orc warriors
  An ice beast (D:7)
  A black bear (D:8)
  2 necrophages
  A centaur (D:7)
  3 phantoms
  An elf zombie (Ossuary)
  A bullfrog (D:8)
  A kobold brigand (D:6)
  2 scorpions
  A water moccasin skeleton (D:6)
  A troll zombie (D:9)
  2 howler monkeys (D:9)
  4 wights (D:8)
  2 bullfrog zombies
  4 hounds
  4 jellies
  A centaur skeleton (D:7)
  2 gnoll shamans
  8 orc priests
  An iguana (D:6)
  A scorpion zombie (D:4)
  4 orc wizards
  5 ogre zombies (D:9)
  A hound zombie (D:4)
  2 hound skeletons (D:4)
  4 mummies
  4 howler monkey zombies
  11 gnolls
  12 adders
  A shadow imp (D:5)
  2 white imps
  An adder skeleton (D:4)
  3 worms
  A dart slug (D:1)
  29 orcs
  8 ball pythons
  13 bats
  8 endoplasms
  2 giant cockroaches (D:2)
  7 goblins
  10 hobgoblins
  10 jackals
  11 kobolds
  3 quokkas
  8 frilled lizards
  A goblin skeleton (D:9)
  13 goblin zombies
  3 hobgoblin zombies
  4 kobold zombies
  5 orc skeletons (D:9)
  12 orc zombies (D:9)
  4 rats
262 creatures vanquished.

Notes
Turn   | Place    | Note
-------+----------+-------------------------------------------
     0 | D:1      | Crownlay the Gargoyle Earth Elementalist began the quest
                  | for the Orb.
     0 | D:1      | Reached XP level 1. HP: 10/10 MP: 3/3
   112 | D:1      | Reached skill level 4 in Earth Magic
   337 | D:1      | Reached XP level 2. HP: 13/15 MP: 3/5
  1235 | D:1      | Reached XP level 3. HP: 19/19 MP: 4/6
  1285 | D:1      | Reached skill level 5 in Earth Magic
  2016 | D:2      | Reached XP level 4. HP: 12/24 MP: 5/7
  2232 | D:2      | Reached skill level 6 in Earth Magic
  2984 | D:2      | Reached XP level 5. HP: 18/28 MP: 5/8
  3360 | D:3      | Reached skill level 7 in Earth Magic
  3796 | D:3      | Reached XP level 6. HP: 19/32 MP: 4/9
  3971 | D:3      | Reached skill level 8 in Earth Magic
  4634 | D:4      | Learned a level 3 spell: Stone Arrow
  4894 | D:4      | Found a basalt altar of Yredelemnul.
  4965 | D:4      | Reached skill level 9 in Earth Magic
  4965 | D:4      | Reached XP level 7. HP: 27/36 MP: 4/10
  5552 | D:4      | Found a radiant altar of Vehumet.
  5560 | D:4      | Became a worshipper of Vehumet
  5784 | D:4      | Reached skill level 10 in Earth Magic
  6318 | D:5      | Entered Level 5 of the Dungeon
  6320 | D:5      | Identified the amulet of Incredulity {RegenMP Regen+ Int-5
                  | SInv}
  6445 | D:5      | Noticed Grinder
  6452 | D:5      | Killed Grinder
  6453 | D:5      | Reached skill level 11 in Earth Magic
  6453 | D:5      | Reached XP level 8. HP: 26/41 MP: 5/11
  6515 | D:5      | Reached * piety under Vehumet
  6515 | D:5      | Offered knowledge of Freeze by Vehumet.
  6902 | D:6      | Reached skill level 12 in Earth Magic
  6902 | D:6      | Reached skill level 1 in Conjurations
  6983 | D:6      | Found a sand-covered staircase.
  6990 | Ossuary  | Entered an ossuary
  6990 | Ossuary  | Noticed a wraith
  6990 | Ossuary  | Noticed a wraith
  6990 | Ossuary  | Noticed a wraith
  7146 | Ossuary  | Noticed a wraith
  7157 | Ossuary  | Killed a wraith
  7439 | D:6      | Reached skill level 5 in Conjurations
  7443 | D:6      | Reached XP level 9. HP: 45/45 MP: 5/12
  7559 | D:6      | Found a bloodstained altar of Trog.
  7637 | D:6      | Found a shadowy altar of Dithmenos.
  7769 | D:6      | Found a hazy altar of Hepliaklqana.
  7859 | D:6      | Found a glowing silver altar of Zin.
  7935 | D:7      | Offered knowledge of Foxfire by Vehumet.
  7977 | D:7      | Reached ** piety under Vehumet
  7985 | D:7      | HP: 1/45 [orc warrior (20)]
  8069 | D:7      | Found Saniakai's Assorted Antiques.
  8540 | D:7      | Found a staircase to the Ecumenical Temple.
  9101 | D:8      | Identified a scroll of acquirement
  9102 | D:8      | Acquired the +10 demon blade of Yshron {pain, rElec Str+2
                  | Stlth+}
  9138 | D:8      | Reached skill level 5 in Spellcasting
  9687 | D:8      | Offered knowledge of Searing Ray by Vehumet.
  9960 | D:9      | Found a staircase to the Orcish Mines.
  9965 | D:9      | Reached skill level 1 in Long Blades
  9965 | D:9      | Reached XP level 10. HP: 48/51 MP: 19/19
  9987 | D:9      | Reached *** piety under Vehumet
 10015 | D:9      | Reached skill level 1 in Fighting
 10031 | D:9      | Offered knowledge of Inner Flame by Vehumet.
 10267 | D:9      | Reached **** piety under Vehumet
 10376 | D:9      | Noticed a boulder beetle
 10379 | D:9      | Slain by a boulder beetle

Illustrated notes

Levels and vault maps discovered:
D:1:      matt_arrival_grand_opening, layout_basic
D:2:      layout_rooms, grunt_ministairs_15, minmay_goblin_outpost
D:3:      minmay_spotlight, layout_rooms, kennysheep_boxes
D:4:      layout_basic, lemuel_round_altar, nicolae_yredelemnul_corpse_copse
D:5:      layout_basic, uniq_grinder
D:6:      layout_rooms, mainiacjoe_overflow_concentric_impassable,
          worldfamousw_hep_ancestral_shrine, mainiacjoe_overflow_brackets,
          mainiacjoe_overflow_cross_hatched, nicolae_ossuary_entry_giza
D:7:      layout_layer_cave, minmay_temple_entry_proselytizer, serial_shops,
          nicolae_shop_overgrown_old_shop, david_defended_altar_orc
D:8:      layout_loops_corners, supply_closet_lemuel, dk_rats_in_the_wall
D:9:      layout_roguey, marbit_many_paths, zombieorc2_lemuel,
          serial_co_window_serial, co_window_cross_1,
          co_window_of_opportunity_a, co_window_corner_a, co_window_corner_a,
          co_window_paths_a, co_window_paths_a, co_window_paths_b,
          co_window_paths_b, co_window_corner_a, co_window_paths_c,
          co_window_corner_b, co_window_corner_ca, co_window_paths_c,
          co_window_corner_ca, co_window_corner_ca, co_window_paths_d,
          co_window_paths_e, glass_columns_b, glass_columns_a,
          nzn_sisyphean_effort

Skill      XL: |  1  2  3  4  5  6  7  8  9 10 |
---------------+-------------------------------+-----
Earth Magic    | 4 5 6 7 9 11 12 | 12.0
Conjurations   | 5 7 |  7.3
Spellcasting   | 6 |  6.8
Long Blades    | 1 4 |  4.1
Fighting       | 2 |  2.5
Dodging        | 2 |  2.3
Stealth        | 3 |  3.0
Transmutations | |  0.7

Action                   |  1- 3 |  4- 6 |  7- 9 | 10-12 || total
-------------------------+-------+-------+-------+-------++-------
Melee: Dagger            |    99 |   122 |       |       ||   221
       Unarmed           |     2 |       |       |       ||     2
       Hand axe          |       |    36 |    86 |       ||   122
       Demon blade       |       |       |    10 |   106 ||   116
 Cast: Sandblast         |    31 |    65 |   197 |    20 ||   313
  Use: Scroll            |       |       |    14 |     1 ||    15
 Stab: Sleeping          |     1 |     2 |     3 |     1 ||     7
Armor: Robe              |    50 |   113 |    68 |    36 ||   267
Dodge: Dodged            |    83 |   160 |   107 |    52 ||   402
       Rpst.: Demon blade |       |       |     4 |    21 ||    25
